BR
INDIAN HILLS VOODOO @ YELLOWKNIFE CLAWS
09/14/2027
 
TOP OF THE 1ST
Indian Hills Voodoo batting - Pitching for Yellowknife Claws : RHP Mario Díaz
Pitching: RHP Mario Díaz
Batting: SHB Cisco Oliva 0-0: Called Strike
0-1: Called Strike
0-2: Ground out 4-3 (Groundball, 4)
Batting: RHB Ben White 0-0: Ball
1-0: Called Strike
1-1: Called Strike
1-2: Ball
2-2: Fly out, F9 (Flyball, 9)
Batting: RHB Doug Hunt 0-0: Called Strike
0-1: Ball
1-1: Foul Ball, location: 2F
1-2: Ball
2-2: Ground out 5-3 (Groundball, 56)
Top of the 1st over - 0 run(s), 0 hit(s), 0 error(s), 0 left on base; Indian Hills 0 - Yellowknife 0
BOTTOM OF THE 1ST
Yellowknife Claws batting - Pitching for Indian Hills Voodoo : RHP Shawn Jones
Pitching: RHP Shawn Jones
Batting: RHB Fernando Álvarez 0-0: Bunted foul
0-1: Ball
1-1: Called Strike
1-2: Ball
2-2: Ground out U3 (Groundball, 3)
Batting: RHB Oliver Gonzéles 0-0: Ball
1-0: Called Strike
1-1: Ball
2-1: Fly out, F3 (Line Drive, 3)
Batting: SHB José Espinoza 0-0: Ball
1-0: Called Strike
1-1: Ball
2-1: Ball
3-1: Called Strike
3-2: Base on Balls
Batting: RHB Alan Williams 0-0: Ball
1-0: Ball
2-0: Swinging Strike
2-1: Ball
3-1: Base on Balls
José Espinoza to second
Batting: RHB Bob Bishop 0-0: Fly out, F4 (Popup, 4S)
Bottom of the 1st over - 0 run(s), 0 hit(s), 0 error(s), 2 left on base; Indian Hills 0 - Yellowknife 0
TOP OF THE 2ND
Indian Hills Voodoo batting - Pitching for Yellowknife Claws : RHP Mario Díaz
Batting: RHB Mike Cleveland 0-0: Ball
1-0: Ball
2-0: Called Strike
2-1: Ball
3-1: Swinging Strike
3-2: Fly out, F4 (Popup, 4D)
Batting: LHB Marcos Féliz 0-0: Ground out 4-3 (Groundball, 4)
Batting: RHB Marvin Kidd 0-0: Ball
1-0: Called Strike
1-1: Ground out 6-3 (Groundball, 6)
Top of the 2nd over - 0 run(s), 0 hit(s), 0 error(s), 0 left on base; Indian Hills 0 - Yellowknife 0
BOTTOM OF THE 2ND
Yellowknife Claws batting - Pitching for Indian Hills Voodoo : RHP Shawn Jones
Batting: RHB Curt O'Brian 0-0: Called Strike
0-1: Ball
1-1: Ball
2-1: Ball
3-1: Foul Ball, location: 2F
3-2: Fly out, F7 (Flyball, 7)
Batting: RHB Juan Gómez 0-0: Foul Ball, location: 2F
0-1: Ball
1-1: Foul Ball, location: 2F
1-2: Foul Ball, location: 2F
1-2: Ball
2-2: SINGLE (Flyball, 8LS)
Batting: RHB Carlos Uribe 0-0: Ball
1-0: Ball
2-0: Ball
3-0: Called Strike
3-1: Called Strike
3-2: SINGLE (Line Drive, 7LS)
Juan Gómez to second
Batting: RHB Ricardo Ontiveros 0-0: Ball
1-0: Called Strike
1-1: Ball
2-1: Ball
3-1: Fly out, F9 (Flyball, 9LM)
Batting: RHB Fernando Álvarez 0-0: Ground out 1-3 (Groundball, 13S)
Bottom of the 2nd over - 0 run(s), 2 hit(s), 0 error(s), 2 left on base; Indian Hills 0 - Yellowknife 0
TOP OF THE 3RD
Indian Hills Voodoo batting - Pitching for Yellowknife Claws : RHP Mario Díaz
Batting: LHB Aaron Thompson 0-0: Ball
1-0: Ball
2-0: Called Strike
2-1: Called Strike
2-2: Foul Ball, location: 2F
2-2: Ball
3-2: Strikes out looking
Batting: LHB Mathew Clayton 0-0: SINGLE (Flyball, 8LS)
Batting: RHB Joe LaFontaine 0-0: Ball
1-0: Foul Ball, location: 2F
1-1: Ball
2-1: Grounds into double play, 5-4-3 (Groundball, 5L)
Top of the 3rd over - 0 run(s), 1 hit(s), 0 error(s), 0 left on base; Indian Hills 0 - Yellowknife 0
BOTTOM OF THE 3RD
Yellowknife Claws batting - Pitching for Indian Hills Voodoo : RHP Shawn Jones
Batting: RHB Oliver Gonzéles 0-0: Foul Ball, location: 2F
0-1: Ball
1-1: Ball
2-1: DOUBLE (Flyball, 9)
Batting: SHB José Espinoza 0-0: Ball
Wild Pitch!
Oliver Gonzéles to third
1-0: Fly out, F8 (Line Drive, 8RM)
Runner from 3rd tags up, SCORES, throw made
Batting: RHB Alan Williams 0-0: Called Strike
0-1: Ball
1-1: Ball
2-1: Foul Ball, location: 2F
2-2: Strikes out swinging
Batting: RHB Bob Bishop 0-0: Ball
1-0: Ball
2-0: Called Strike
2-1: Swinging Strike
2-2: Ball
3-2: Strikes out swinging
Bottom of the 3rd over - 1 run(s), 1 hit(s), 0 error(s), 0 left on base; Indian Hills 0 - Yellowknife 1
TOP OF THE 4TH
Indian Hills Voodoo batting - Pitching for Yellowknife Claws : RHP Mario Díaz
Batting: SHB Cisco Oliva 0-0: Called Strike
0-1: Ball
1-1: Ball
2-1: Foul Ball, location: 2F
2-2: Foul Ball, location: 2F
2-2: Ball
3-2: Ground out 5-3 (Groundball, 5)
Batting: RHB Ben White 0-0: SINGLE (Line Drive, 34D)
Batting: RHB Doug Hunt 0-0: Swinging Strike
0-1: Ball
1-1: Foul Ball, location: 2F
1-2: Strikes out looking
Batting: RHB Mike Cleveland 0-0: Ball
1-0: Called Strike
1-1: Ball
2-1: Foul Ball, location: 2F
2-2: Foul Ball, location: 2F
2-2: Fielders Choice at 2nd, 6-4 (Groundball, 6D)
Top of the 4th over - 0 run(s), 1 hit(s), 0 error(s), 0 left on base; Indian Hills 0 - Yellowknife 1
BOTTOM OF THE 4TH
Yellowknife Claws batting - Pitching for Indian Hills Voodoo : RHP Shawn Jones
Batting: RHB Curt O'Brian 0-0: Ball
1-0: Called Strike
1-1: Ball
2-1: Fly out, F8 (Flyball, 8LM)
Batting: RHB Juan Gómez 0-0: Called Strike
0-1: Ball
1-1: DOUBLE (Flyball, 89XD)
Batting: RHB Carlos Uribe 0-0: Ball
1-0: Called Strike
1-1: Called Strike
1-2: Ground out 4-3 (Groundball, 4S)
Juan Gómez to third
Batting: RHB Ricardo Ontiveros 0-0: Called Strike
0-1: SINGLE (Flyball, 9LS)
Juan Gómez scores
Batting: RHB Fernando Álvarez 0-0: Ground out 1-3 (Groundball, P)
Bottom of the 4th over - 1 run(s), 2 hit(s), 0 error(s), 1 left on base; Indian Hills 0 - Yellowknife 2
TOP OF THE 5TH
Indian Hills Voodoo batting - Pitching for Yellowknife Claws : RHP Mario Díaz
Batting: LHB Marcos Féliz 0-0: Called Strike
0-1: Ball
1-1: Ball
2-1: Ball
3-1: Swinging Strike
3-2: Strikes out looking
Batting: RHB Marvin Kidd 0-0: Ball
1-0: Ball
2-0: Foul Ball, location: 2F
2-1: Foul Ball, location: 2F
2-2: Foul Ball, location: 2F
2-2: Foul Ball, location: 2F
2-2: SINGLE (Groundball, 6MD)
Pitching: LHP Cy Rowland
Batting: LHB Aaron Thompson 0-0: Foul Ball, location: 2F
0-1: Ball
1-1: Ball
2-1: Swinging Strike
2-2: Ball
3-2: Ground out U3 (Groundball, 3)
Marvin Kidd to second
Batting: LHB Mathew Clayton 0-0: Ball
1-0: Ball
2-0: Called Strike
2-1: Ball
3-1: Called Strike
3-2: Base on Balls
Batting: RHB Joe LaFontaine 0-0: Foul Ball, location: 2F
0-1: Ball
1-1: DOUBLE (Line Drive, 7LS)
Marvin Kidd scores
Mathew Clayton to third
Runner from 3rd tries for Home, SAFE, no throw
Batting: SHB Cisco Oliva 0-0: Called Strike
0-1: Ball
1-1: Fly out, F8 (Line Drive, 78M)
Top of the 5th over - 2 run(s), 2 hit(s), 0 error(s), 1 left on base; Indian Hills 2 - Yellowknife 2
BOTTOM OF THE 5TH
Yellowknife Claws batting - Pitching for Indian Hills Voodoo : RHP Shawn Jones
Batting: RHB Oliver Gonzéles 0-0: Called Strike
0-1: Ball
1-1: Ball
2-1: Ball
3-1: Ground out 4-3 (Groundball, 4)
Pitching: LHP Mike Waller
Batting: SHB José Espinoza 0-0: Foul Ball, location: 2F
0-1: Ball
1-1: Called Strike
1-2: Ball
2-2: SINGLE (Line Drive, 7LS)
Batting: RHB Alan Williams 0-0: Foul Ball, location: 2F
0-1: SINGLE (Line Drive, 78S)
José Espinoza to second
Batting: RHB Bob Bishop 0-0: Ball
1-0: Ball
2-0: Ball
3-0: Base on Balls
José Espinoza to third
Alan Williams to second
Batting: RHB Curt O'Brian 0-0: Hit by Pitch
José Espinoza scores
Alan Williams to third
Bob Bishop to second
Batting: RHB Juan Gómez 0-0: Swinging Strike
0-1: Ball
1-1: Foul Ball, location: 2F
1-2: Ball
2-2: Foul Ball, location: 2F
2-2: Foul Ball, location: 2F
2-2: Foul Ball, location: 2F
2-2: Hit by Pitch
Alan Williams scores
Bob Bishop to third
Curt O'Brian to second
Batting: RHB Carlos Uribe 0-0: Called Strike
0-1: Foul Ball, location: 2F
0-2: Ball
1-2: Foul Ball, location: 2F
1-2: Ball
2-2: Foul Ball, location: 2F
2-2: Ball
3-2: Grounds into fielders choice 5-2 (Groundball, 56S)
Curt O'Brian to third
Juan Gómez to second
Batting: RHB Ricardo Ontiveros 0-0: Ball
1-0: Fly out, F9 (Flyball, 9LSF)
Bottom of the 5th over - 2 run(s), 2 hit(s), 0 error(s), 3 left on base; Indian Hills 2 - Yellowknife 4
TOP OF THE 6TH
Indian Hills Voodoo batting - Pitching for Yellowknife Claws : LHP Cy Rowland
Batting: RHB Ben White 0-0: Foul Ball, location: 2F
0-1: Swinging Strike
0-2: Fly out, F9 (Flyball, 89M)
Batting: RHB Doug Hunt 0-0: Called Strike
0-1: Ball
1-1: Ball
2-1: Ball
3-1: Called Strike
3-2: Strikes out looking
Batting: RHB Mike Cleveland 0-0: Called Strike
0-1: Ball
1-1: Ball
2-1: Foul Ball, location: 2F
2-2: Strikes out swinging
Top of the 6th over - 0 run(s), 0 hit(s), 0 error(s), 0 left on base; Indian Hills 2 - Yellowknife 4
BOTTOM OF THE 6TH
Yellowknife Claws batting - Pitching for Indian Hills Voodoo : LHP Mike Waller
Pitching: RHP Tom Reed
Batting: RHB Fernando Álvarez 0-0: Swinging Strike
0-1: Ball
1-1: Swinging Strike
1-2: Strikes out swinging, 2-3 out at first.
Batting: RHB Oliver Gonzéles 0-0: Called Strike
0-1: Foul Ball, location: 2F
0-2: Strikes out swinging, 2-3 out at first.
Batting: SHB José Espinoza 0-0: Called Strike
0-1: Ball
1-1: Fly out, F8 (Flyball, 8RM)
Bottom of the 6th over - 0 run(s), 0 hit(s), 0 error(s), 0 left on base; Indian Hills 2 - Yellowknife 4
TOP OF THE 7TH
Indian Hills Voodoo batting - Pitching for Yellowknife Claws : LHP Cy Rowland
Batting: LHB Marcos Féliz 0-0: Called Strike
0-1: Ball
1-1: Ball
2-1: Foul Ball, location: 2F
2-2: Ball
3-2: Strikes out swinging
Batting: RHB Marvin Kidd 0-0: Called Strike
0-1: Ball
1-1: Called Strike
1-2: Strikes out looking
Batting: LHB Aaron Thompson 0-0: Called Strike
0-1: Swinging Strike
0-2: Ball
1-2: Strikes out swinging
Top of the 7th over - 0 run(s), 0 hit(s), 0 error(s), 0 left on base; Indian Hills 2 - Yellowknife 4
BOTTOM OF THE 7TH
Yellowknife Claws batting - Pitching for Indian Hills Voodoo : RHP Tom Reed
Batting: RHB Alan Williams 0-0: Ground out 6-3 (Groundball, 56)
Batting: RHB Bob Bishop 0-0: Ball
1-0: SINGLE (Flyball, 8LS)
Batting: RHB Curt O'Brian 0-0: Fielders Choice at 2nd, 5-4 (Groundball, 5)
Batting: RHB Juan Gómez 0-0: Fielders Choice at 2nd, 6-4 (Groundball, 6)
Bottom of the 7th over - 0 run(s), 1 hit(s), 0 error(s), 0 left on base; Indian Hills 2 - Yellowknife 4
TOP OF THE 8TH
Indian Hills Voodoo batting - Pitching for Yellowknife Claws : LHP Cy Rowland
Batting: LHB Mathew Clayton 0-0: Ground out 3-1 (Groundball, 34)
Pitching: RHP Javier Soriano
Batting: RHB Joe LaFontaine 0-0: Foul Ball, location: 2F
0-1: Ball
1-1: Swinging Strike
1-2: Ground out 6-3 (Groundball, 6)
Batting: SHB Cisco Oliva 0-0: Ground out 6-3 (Groundball, 6)
Top of the 8th over - 0 run(s), 0 hit(s), 0 error(s), 0 left on base; Indian Hills 2 - Yellowknife 4
BOTTOM OF THE 8TH
Yellowknife Claws batting - Pitching for Indian Hills Voodoo : RHP Tom Reed
Batting: RHB Carlos Uribe 0-0: Called Strike
0-1: Ball
1-1: Called Strike
1-2: Foul Ball, location: 2F
1-2: Foul Ball, location: 2F
1-2: Strikes out swinging, 2-3 out at first.
Batting: RHB Ricardo Ontiveros 0-0: Foul Ball, location: 2F
0-1: Ball
1-1: Ball
2-1: Called Strike
2-2: Ball
3-2: Fly out, F9 (Flyball, 9)
Batting: RHB Fernando Álvarez 0-0: Called Strike
0-1: Swinging Strike
0-2: Ball
1-2: Ball
2-2: Foul Ball, location: 2F
2-2: Strikes out swinging
Bottom of the 8th over - 0 run(s), 0 hit(s), 0 error(s), 0 left on base; Indian Hills 2 - Yellowknife 4
TOP OF THE 9TH
Indian Hills Voodoo batting - Pitching for Yellowknife Claws : RHP Javier Soriano
Pitching: RHP Dale Polk
Batting: RHB Ben White 0-0: Ball
1-0: Called Strike
1-1: Fly out, F8 (Flyball, 8LM)
Batting: RHB Doug Hunt 0-0: Called Strike
0-1: Ball
1-1: Ball
2-1: Ball
3-1: Base on Balls
Batting: RHB Mike Cleveland 0-0: Called Strike
0-1: SINGLE (Flyball, 89S)
Doug Hunt to second
Runner from 2nd tries for 3rd, SAFE, throw made to third
Pinch Hitting: RHB Ron Davis 0-0: Ball
1-0: Called Strike
1-1: Called Strike
1-2: Foul Ball, location: 2F
1-2: Ball
2-2: Strikes out swinging
Pinch Hitting: RHB Robin Dobson 0-0: Called Strike
0-1: Fly out, F3 (Popup, 3L)
Top of the 9th over - 0 run(s), 1 hit(s), 0 error(s), 2 left on base; Indian Hills 2 - Yellowknife 4
Thursday, March 30th, 2017 - OOTP Baseball 17.12 Build 75